 Dungeon Sprint DCSS version 0.28.0-43-g3370ac3207 (webtiles) character file.

Game seed: 13903541547913241825

287 bromine the Chopper (level 6, -4/67 HPs)
             Began as a Troll Berserker on Mar 11, 2022.
             Was an Elder of Trog.
             Slain by a troll (13 damage)
             ... in the Dungeon (Sprint IX: "|||||||||||||||||||||||||||||").
             The game lasted 00:01:11 (443 turns).

bromine the Chopper (Troll Berserker)                Turns: 443, Time: 00:01:13

Health: -4/67      AC:  4    Str: 31    XL:     6   Next: 8%
Magic:  5/5        EV: 12    Int:  3    God:    Trog [****..]
Gold:   0          SH:  0    Dex: 12    Spells: 5/5 levels left

rFire   . . .      SeeInvis .   i - +0 giant spiked club
rCold   . . .      Faith    .   (shield currently unavailable)
rNeg    . . .      Spirit   .   b - +0 animal skin
rPois   .          Reflect  .   (helmet restricted)
rElec   .          Harm     .   (no cloak)
rCorr   .          Rampage  .   (gloves unavailable)
Will    .....      NoTele   +   (boots unavailable)
Stlth   +.........              (no amulet)
HPRegen 1.01/turn               t - +3 ring of strength
MPRegen 0.09/turn               l - +3 ring of dexterity

@: slowed, very slow
A: large, unfitting armour, claws 3, regeneration 1, shaggy fur 1, tough skin 1
a: Renounce Religion, Berserk, Trog's Hand, Brothers in Arms


You were in the Dungeon.
You worshipped Trog.
Trog was greatly pleased with you.
You visited 1 branch

Inventory:

Hand Weapons
 a - a +0 hand axe
 i - a +0 giant spiked club (weapon)
 m - a +1 broad axe of freezing
 n - a +2 halberd of venom
 o - a +2 morningstar of protection
 p - a +4 quarterstaff of speed
 q - a +2 rapier of venom
 r - a +2 scimitar of holy wrath
Armour
 b - a +0 animal skin (worn)
Jewellery
 l - a +3 ring of dexterity (right claw)
 t - a +3 ring of strength (left claw)
Wands
 k - a wand of iceblast (10)
Scrolls
 h - 2 scrolls of blinking
 s - 2 scrolls of amnesia
Potions
 c - 5 potions of curing
 d - 2 potions of heal wounds
 e - a potion of haste
 f - 4 potions of magic
 g - a potion of berserk rage
 j - a potion of invisibility


   Skills:
 + Level 6.1 Fighting
 + Level 7.0(7.1) Axes
 + Level 1.2(5.0) Maces & Flails
 + Level 6.4 Dodging
 + Level 0.2 Stealth


You had 5 spell levels left.
You didn't know any spells.
Your spell library was empty.

Dungeon Overview and Level Annotations

Branches:
Dungeon (1/1)

Altars:
Cheibriados
Dithmenos
Elyvilon
Fedhas
Gozag
Hepliaklqana
Kikubaaqudgha
Makhleb
Nemelex Xobeh
Okawaru
Qazlal
Ru
Sif Muna
Trog
Uskayaw
Vehumet
Wu Jian
Xom
Yredelemnul
Zin
The Shining One
Beogh
Jiyva
Lugonu


Innate Abilities, Weirdness & Mutations

You are too large for most types of armour.
You have claws for hands.
Your natural rate of healing is unusually fast.
You are covered in fur. (AC +1)
You have tough skin. (AC +1)


Message History

q - a +2 rapier of venom;
r - a +2 scimitar of holy wrath You see here 2 scrolls of amnesia.
s - 2 scrolls of amnesia You see here a +0 pair of gloves.
You see here a +0 cloak.
You see here a +1 chain mail.
t - a +3 ring of strength
There are no items here.
You feel stronger.
t - a +3 ring of strength (left claw)
You feel agile.
l - a +3 ring of dexterity (right claw)
You open the door.
A hornet, a centaur, a yak, an orc priest, a troll and a wraith come into view.
The centaur shouts!
The orc priest shouts!
The troll shouts!
The hornet buzzes angrily.
The yak bellows!
The orc priest looks braver for a moment.
You hit the wraith.
The wraith is moderately damaged.
The wraith hits you! The wraith drains your vigour!
You feel yourself slow down.
You bludgeon the wraith!!
You destroy the wraith!
Trog accepts your kill.
You can now call in reinforcements.
The troll bites you! The troll closely misses you. The troll claws you!
Your Fighting skill increases to level 6!
Your Axes skill gained 2 levels and is now at level 7!
Your base Maces & Flails skill increases to level 1!
Your Dodging skill increases to level 6!
You have reached level 6!
You feel stronger.
You feel much better. The troll barely misses you. The troll claws you!
The troll claws you but does no damage.
You closely miss the troll. The troll bites you!
The troll closely misses you. x2
The troll bites you!
* * * LOW HITPOINT WARNING * * *
The troll claws you.
* * * LOW HITPOINT WARNING * * *
The troll misses you. The troll barely misses you. The troll claws you!
You die... ▓▓▓▓▓▓▓▓▓▓▓▓▓▓▓▓▓▓▓▓▓▓▓▓ ..ycYoT@.[[[....'_______ ▓▓▓▓▓▓▓▓▓▓▓▓▓▓▓▓▓▓▓▓▓▓▓▓

You could see a yak, a troll, a hornet, a centaur and an orc priest.

Vanquished Creatures
  A wraith (D)
  An ogre (D)
  A scorpion (D)
  A shadow imp (D)
  An endoplasm (D)
  A goblin (D)
  A ball python zombie (D)
  A frilled lizard (D)
  A quokka zombie (D)
  2 rats (D)
11 creatures vanquished.

Notes
Turn   | Place    | Note
-------+----------+-------------------------------------------
     0 | D        | bromine the Troll Berserker began the quest for the Orb.
     0 | D        | Reached XP level 1. HP: 22/22 MP: 0/0
    12 | D        | Reached ** piety under Trog
    21 | D        | Noticed a scorpion
    21 | D        | Noticed an ogre
    27 | D        | Killed an ogre
    28 | D        | Reached skill level 5 in Axes
    28 | D        | Reached XP level 2. HP: 33/33 MP: 1/1
    28 | D        | Reached XP level 3. HP: 40/40 MP: 2/2
    28 | D        | Reached XP level 4. HP: 49/49 MP: 3/3
    37 | D        | Reached *** piety under Trog
    43 | D        | Killed a scorpion
    44 | D        | Reached skill level 5 in Fighting
    44 | D        | Reached skill level 5 in Dodging
    44 | D        | Reached XP level 5. HP: 57/57 MP: 4/4
   200 | D        | Found a snail-covered altar of Cheibriados.
   200 | D        | Found a shadowy altar of Dithmenos.
   200 | D        | Found a white marble altar of Elyvilon.
   200 | D        | Found a blossoming altar of Fedhas.
   200 | D        | Found an opulent altar of Gozag.
   201 | D        | Found a hazy altar of Hepliaklqana.
   202 | D        | Found a viscous altar of Jiyva.
   203 | D        | Found an ancient bone altar of Kikubaaqudgha.
   204 | D        | Found a corrupted altar of Lugonu.
   205 | D        | Found a burning altar of Makhleb.
   206 | D        | Found a sparkling altar of Nemelex Xobeh.
   207 | D        | Found an iron altar of Okawaru.
   208 | D        | Found a stormy altar of Qazlal.
   209 | D        | Found a sacrificial altar of Ru.
   210 | D        | Found a shimmering blue altar of Sif Muna.
   211 | D        | Found a bloodstained altar of Trog.
   212 | D        | Found a hide-covered altar of Uskayaw.
   213 | D        | Found a radiant altar of Vehumet.
   214 | D        | Found an ornate altar of the Wu Jian Council.
   215 | D        | Found a shimmering altar of Xom.
   216 | D        | Found a basalt altar of Yredelemnul.
   217 | D        | Found a glowing silver altar of Zin.
   218 | D        | Found a glowing golden altar of the Shining One.
   439 | D        | Noticed a hornet
   439 | D        | Noticed a centaur
   439 | D        | Noticed a yak
   439 | D        | Noticed a troll
   439 | D        | Noticed a wraith
   441 | D        | Killed a wraith
   441 | D        | Reached **** piety under Trog
   442 | D        | Reached skill level 7 in Axes
   442 | D        | Reached skill level 1 in Maces & Flails
   442 | D        | Reached XP level 6. HP: 27/67 MP: 5/5
   443 | D        | Slain by a troll

Illustrated notes

Levels and vault maps discovered:
D:        linesprint [early_d, line_temple, items_1, d_10, items_2, lair_1,
          lair_end, items_3, orc_1, orc_end, items_4, d_15, swamp_1, shoals_1,
          snake_1, spider_1, d_20, vaults_1, items_5, swamp_end, shoals_end,
          snake_end, spider_end, vaults_end, d_27, items_6, zot_1, zot_end,
          crypt_end, forest_end, elf_end, slime_end, tomb_end, abyss_end,
          pan_hell_end]

Skill      XL: |  1  2  3  4  5 |
---------------+----------------+-----
Fighting       | 4 5 6 |  6.1
Axes           | 5 7 |  7.0
Dodging        | 4 5 6 |  6.4
Maces & Flails | 1 |  1.2
Stealth        | |  0.2

Action                   |  1- 3 |  4- 6 || total
-------------------------+-------+-------++-------
Melee: Hand axe          |    17 |    17 ||    34
       Giant spiked club |       |     3 ||     3
Invok: Berserk           |       |     2 ||     2
  Use: Potion            |       |     1 ||     1
Armor: Animal skin       |     1 |     3 ||     4
Dodge: Dodged            |     6 |    12 ||    18
